 Dungeon Crawl Stone Soup version 0.30-a0-1104-g706747fef1 (webtiles) character file.

Game seed: 10078809205500593273

18 Ijustatesigmund the Conjurer (level 2, 0/15 HPs)
             Began as a Deep Elf Conjurer on Apr 19, 2023.
             Slain by a jackal (2 damage)
             ... on level 1 of the Dungeon.
             The game lasted 00:01:24 (788 turns).

Ijustatesigmund the Conjurer (Deep Elf Conjurer)     Turns: 788, Time: 00:01:25

Health: 0/15       AC:  2    Str:  4    XL:     2   Next: 51%
Magic:  3/8        EV: 12    Int: 22    God:
Gold:   39         SH:  0    Dex: 13    Spells: 5/8 levels left

rFire   . . .      SeeInvis .    d - +0 sling
rCold   . . .      Faith    .    (no shield)
rNeg    . . .      Spirit   .    a - +0 robe
rPois   .          Reflect  .    (no helmet)
rElec   .          Rampage  .    (no cloak)
rCorr   .                        (no gloves)
Will    .....                    (no boots)
Stlth   ++                       (no amulet)
HPRegen 0.22/turn                (no ring)
MPRegen 0.11/turn                (no ring)

@: very slightly contaminated
A: no striking features
a: no special abilities


You were on level 1 of the Dungeon.
You visited 1 branch of the dungeon, and saw 1 of its levels.

You collected 39 gold pieces.

Inventory:

Hand Weapons
 d - a +0 sling (weapon)
Armour
 a - a +0 robe (worn)
Jewellery
 c - an amulet of the acrobat
Potions
 b - 2 potions of magic
 e - a potion of resistance {unknown}


   Skills:
 + Level 1.2 Ranged Weapons
 - Level 2.4 Dodging
 - Level 2.4 Stealth
 + Level 3.6 Spellcasting
 + Level 4.7 Conjurations


You had 5 spell levels left.
You knew the following spells:

 Your Spells              Type           Power      Damage    Failure   Level
a - Magic Dart            Conj           96%        1d7       1%          1
b - Searing Ray           Conj           48%        2d6       2%          2

Your spell library contained the following spells:

 Spells                   Type           Power      Damage    Failure   Level
 Momentum Strike          Conj/Tloc      28%        3d8       7%          2
 Dazzling Flash           Conj/Hex       28%        N/A       13%         3
 Blink                    Tloc           8%         N/A       19%         2
 Lesser Beckoning         Tloc           8%         N/A       19%         2
 Fulminant Prism          Conj/Hex       7%         3d7       41%         4
 Iskenderun's Mystic Bla  Conj/Tloc      14%        2d5       41%         4


Dungeon Overview and Level Annotations

Branches:
Dungeon (1/15)

Altars:


Message History

Casting: Magic Dart (safe; 1% risk of failure)
Confirm with . or Enter, or press ? or * to list all spells.
Aiming: Searing Ray (safe; 2% risk of failure)
Press: ? - help, Shift-Dir - straight line, f/p - jackal
Aim: a jackal (74% to hit)
You miscast Searing Ray.
You are very lightly contaminated with residual magic.
Nothing appears to happen.
The jackal bites you. x2
A hobgoblin comes into view.
The jackal bites you but does no damage.
The jackal bites you.
A ball python comes into view.
The jackal barely misses you.
The jackal bites you but does no damage.
Unknown command.
The jackal closely misses you. x2
The jackal barely misses you. The jackal misses you.
Unknown command.
Casting: Searing Ray (safe; 2% risk of failure)
Confirm with . or Enter, or press ? or * to list all spells.
Aiming: Searing Ray (safe; 2% risk of failure)
Press: ? - help, Shift-Dir - straight line, f/p - jackal
Aim: a jackal (74% to hit)
The searing ray hits the jackal.
The jackal is almost dead. (Press . to maintain the ray.)
The jackal barely misses you. The jackal closely misses you.
The jackal bites you.
* * * LOW HITPOINT WARNING * * *
The jackal bites you but does no damage.
The searing ray hits the jackal.
You kill the jackal!
The searing ray hits the jackal!
You kill the jackal!
The searing ray hits the jackal.
You kill the jackal!
The jackal bites you.
* * * LOW HITPOINT WARNING * * *
The jackal bites you.
You die...

#...#+.# #..#+###### #.#
#. ######.# #........#
#.# #. #.# #........#
#.########. ..#
.........#####.......##.
+##
+.#.......##............
#........#......##....
#........#......##.#..
#...............##.#..
#....@..#.###......#..
#####h#.#..##.#######.
#..g†#.......# ..
#.##†######..# #. # #†#
...# #$# #..[. #.. .#..
... .. ...


You could see a jackal and a hobgoblin.

Vanquished Creatures
  2 ball pythons (D:1)
  3 endoplasms (D:1)
  2 giant cockroaches (D:1)
  2 hobgoblins (D:1)
  3 jackals (D:1)
  A kobold (D:1)
  A bat (D:1)
  A rat (D:1)
15 creatures vanquished.

Notes
Turn   | Place    | Note
-------+----------+-------------------------------------------
     0 | D:1      | Ijustatesigmund the Deep Elf Conjurer began the quest for
                  | the Orb.
     0 | D:1      | Reached XP level 1. HP: 10/10 MP: 6/6
   487 | D:1      | Reached XP level 2. HP: 15/15 MP: 5/8
   741 | D:1      | Reached skill level 1 in Ranged Weapons
   770 | D:1      | Learned a level 2 spell: Searing Ray
   788 | D:1      | Slain by a jackal

Illustrated notes

Levels and vault maps discovered:
D:1:      noname_arrival_rooms_in_the_neighbourhood, layout_basic,
          minmay_tromino_i4

Skill      XL: |  1  2 |
---------------+-------+-----
Ranged Weapons | 1 |  1.2
Dodging        | |  2.4
Stealth        | |  2.4
Spellcasting   | |  3.6
Conjurations   | |  4.7

Action                     || total
---------------------------++-------
   Fire: Sling             ||     3
   Cast: Magic Dart        ||    25
         Searing Ray       ||     1
 Armour: Robe              ||     5
  Dodge: Dodged            ||     8

Table legend: (Time is in decaauts)
 A = Elapsed time spent in this place.
 B = Non-inter-level travel time spent in this place.
 C = Inter-level travel time spent in this place.
 D = Time resting spent in this place.
 E = Time spent auto-exploring this place.
 F = Levels seen in this place.
 G = Mean time per level.
                   A        B        C        D        E       F      G
               +--------+--------+--------+--------+--------+-----+--------+
         Total |    788 |    788 |      0 |    368 |    352 |   1 |  788.0 |
       Dungeon |    788 |    788 |      0 |    368 |    352 |   1 |  788.0 |
               +--------+--------+--------+--------+--------+-----+--------+

Top non-repeatable levels by time:
     D:1: 788 daAuts
